 Dungeon Crawl Stone Soup version 0.29.0-10-g45618ea6d2 (webtiles) character file.

Game seed: 15450856818129661352

64589 Vorhees the Eclecticist (level 15, -13/104 HPs)
             Began as a Djinni Conjurer on Sept 1, 2022.
             Was an Initiate of Gozag.
             Blown up by a sun moth (19 damage)
             ... with a bolt of energy
             ... on level 1 of the Spider Nest.
             The game lasted 00:38:42 (18162 turns).

Vorhees the Eclecticist (Djinni Conjurer)          Turns: 18162, Time: 00:38:43

Health: -13/104    AC: 10    Str:  6    XL:     15   Next: 54%
Gold:   2391       EV: 12    Int: 39    God:    Gozag SH: 13 Dex: 15

rFire   + + .      SeeInvis .   d - +4 short sword (venom)
rCold   . . .      Faith    .   L - +3 kite shield
rNeg    . . .      Spirit   .   M - +2 leather armour {rC+}
rPois   ∞          Reflect  .   (no helmet)
rElec   .          Harm     .   t - +2 cloak {Will+}
rCorr   .          Rampage  .   O - +1 pair of gloves {Dex+3}
Will    ++...                   (boots unavailable)
Stlth   ++........              o - amulet of regeneration
HPRegen 1.07/turn               f - +6 ring of intelligence
MPRegen 0.00/turn               r - +6 ring of intelligence

@: forested, flying
A: sickness immunity, fire resistance 2, cold vulnerability 1, float, innate
caster, HP casting, extra vitality 1
a: Renounce Religion, Potion Petition, Call Merchant, Bribe Branch


You were on level 1 of the Spider Nest.
You worshipped Gozag.
Gozag was most pleased with you.
You visited 5 branches of the dungeon, and saw 20 of its levels.
You also visited: Ossuary.

You collected 6358 gold pieces.
You spent 2038 gold pieces at shops.
You paid 1929 gold pieces to Gozag.

Inventory:

Hand Weapons
 d - a +4 short sword of venom (weapon)
Missiles
 w - 2 throwing nets
Armour
 t - a +2 cloak of willpower (worn)
 L - a +3 kite shield (worn)
 M - a +2 leather armour of cold resistance (worn)
 N - the +1 robe "Pexkool" {rCorr}
   (You bought it in a shop on level 2 of the Orcish Mines)

   rCorr:     It protects you from acid and corrosion.
 O - a +1 pair of gloves of dexterity (worn)
Jewellery
 f - a +6 ring of intelligence (left hand)
 l - the amulet "Unus Xif" {RegenMP rElec}
   (You found it on level 10 of the Dungeon)

   [amulet of magic regeneration]

   It increases your rate of magic regeneration.
   rElec:     It insulates you from electricity.
 o - an amulet of regeneration (around neck)
 r - a +6 ring of intelligence (right hand)
 J - a ring of willpower
 K - a +4 ring of evasion
Wands
 s - a wand of digging (5)
 F - a wand of flame (15)
 G - a wand of charming (2)
 I - a wand of acid (4)
Scrolls
 h - 12 scrolls of teleportation
 j - a scroll of summoning
 v - a scroll of fear
 x - 5 scrolls of butterflies
 y - 11 scrolls of identify
 C - 4 scrolls of poison
 D - 2 scrolls of enchant armour
 E - 2 scrolls of magic mapping
 H - 3 scrolls of blinking
Potions
 b - 2 potions of invisibility
 c - 3 potions of attraction
 g - 9 potions of curing
 i - 3 potions of cancellation
 k - a potion of brilliance
 p - 4 potions of resistance
 q - 3 potions of ambrosia
 u - 4 potions of berserk rage
 z - 4 potions of mutation
 A - a potion of might
 B - 2 potions of haste


   Skills:
 * Level 8.6 Fighting
 * Level 1.4 Armour
 * Level 6.7 Dodging
 - Level 1.5 Stealth
 * Level 6.1 Shields
 * Level 18.2 Spellcasting


You had 11 spell levels left.
You knew the following spells:

 Your Spells              Type           Power      Damage    Failure   Level
a - Magic Dart            Conj           100%       1d8       0%          1
b - Searing Ray           Conj           100%       2d8       0%          2
c - Dazzling Flash        Conj/Hex       100%       N/A       0%          3
d - Fulminant Prism       Conj/Hex       54%        3d23      1%          4
e - Iskenderun's Mystic   Conj/Tloc      100%       2d19      1%          4
f - Summon Small Mammal   Summ           100%       N/A       0%          1
g - Ensorcelled Hibernat  Hex/Ice        100%       N/A       0%          2
h - Swiftness             Air            100%       N/A       0%          3
i - Passage of Golubria   Tloc           100%       N/A       1%          4
j - Leda's Liquefaction   Hex/Erth       54%        N/A       1%          4
k - Summon Forest         Summ/Tloc      54%        N/A       1%          5
l - Conjure Ball Lightni  Conj/Air       54%        3x3d20    1%          6
Your spell library was empty.

Dungeon Overview and Level Annotations

Branches:
Dungeon (11/15)            Temple (1/1) D:6            Lair (5/5) D:10
  Swamp (0/4) Lair:2       Spider (1/4) Lair:3        Slime (0/5) Lair:5
    Orc (2/2) D:11            Elf (0/3) Orc:2       Ossuary (visited)

Altars:
Ashenzari
Cheibriados
Dithmenos
Elyvilon
Fedhas
Gozag
Nemelex Xobeh
Okawaru
Trog
Uskayaw
The Shining One
Jiyva

Shops:
D:1 :   D:3 =   D:5 *   D:8 ??(*   Orc:2 [[*![=*

Annotations:
D:9 1 runed translucent door, exclusion: statue, nmsoi's ghost, novice GnWn
D:10 2 transporters, heinrich's ghost, journeyman DrCA
Lair:5 3 runed translucent doors, jt's ghost, journeyman DjCK


Innate Abilities, Weirdness & Mutations

You are immune to sickness and miasma.
You are immune to poison.
Your flesh is very heat resistant. (rF++)
You are vulnerable to cold. (rC-)
You float through the air rather than walking.
You learn spells naturally, not from books.
Your magical power is your life essence.
You have superior vitality. (+4 MHP)


Message History

You kill the demonic crawler!
Unknown command.
Unknown command.
Unknown command.
Casting: Iskenderun's Mystic Blast (safe; 1% risk of failure)
Confirm with . or Enter, or press ? or * to list all spells.
You can't see any susceptible monsters within range! (Use Z to cast anyway.) Unknown command.
Unknown command.
You now have 2356 gold pieces (gained 7).
You now have 2364 gold pieces (gained 8).
A sun moth comes into view.
You now have 2391 gold pieces (gained 27).
You see here 6 gold pieces.
Casting: Iskenderun's Mystic Blast (safe; 1% risk of failure)
Confirm with . or Enter, or press ? or * to list all spells.
A forested plane collides here with a resounding crunch!
Your dryad calls out to the forest.
The forest starts to sway and rumble!
Unknown command.
Unknown command.
The sun moth throws sticky fire at you.
The sticky flame hits you but does no damage.
You are covered in liquid flames!
You are covered in liquid flames!
The sun moth bites your dryad!
You are covered in liquid flames!
A root smacks the sun moth from below!
The sun moth throws energy at you. The bolt of energy hits your dryad!
The bolt of energy hits you!!
* * * LOW HITPOINT WARNING * * *
Your dryad barely misses the sun moth.
You are covered in liquid flames!
* * * LOW HITPOINT WARNING * * *
You are no longer on fire.
The trees move their gnarly branches around.
A root smacks the sun moth from below!
The sun moth throws energy at you. The bolt of energy hits your dryad!!
The bolt of energy hits you!!
You die...

.............##.#.....#
..♣....#....#. ......#
♣.$...♣♣.♣..###♣#....##
....$......#........##
##$.$#...#...♣.......#
#♣...#♣$♣♣#..#.......###..
#...$....♣..<.............
#.$♣♣♣y♣.♣#♣.♣......####..
##.$♣^.R...@.......##
#♣..$.....#.......##
.y..♣♣♣♣..♣♣♣#.♣♣### .....
♣♣..# #♣# ...... #..##
.....s #... ...# .....


You could see a sun moth (ally target) and a friendly dryad (summoned).

Vanquished Creatures
  2 fire dragons (Lair:5)
  3 hydras
  A boulder beetle (Lair:1)
  8 death yaks
  3 two-headed ogres
  5 orc high priests (Orc:2)
  A swamp dragon (Lair:5)
  3 lindwurms
  A deep elf zephyrmancer (Orc:2)
  A wolf spider (Spider:1)
  A manticore (D:10)
  6 black mambas
  7 torpor snails (Lair:5)
  A demonic crawler (Spider:1)
  5 cane toads
  3 rime drakes
  3 komodo dragons
  An unseen horror (D:11)
  A troll (Orc:1)
  9 hornets
  3 tyrant leeches (Lair:5)
  3 polar bears
  12 blink frogs
  A dream sheep (Lair:3)
  2 vampires (D:11)
  3 jumping spiders
  A culicivora (Lair:3)
  2 shadows
  26 yaks
  4 wyverns
  9 redbacks
  2 steam dragons (Lair:5)
  3 wargs (Orc:2)
  7 water moccasins
  2 acid dragons (Lair:5)
  9 orc warriors
  A black bear (D:7)
  3 ogres (D:5)
  2 swamp drakes (Lair:5)
  10 wolves
  2 ice beasts (D:6)
  6 centaurs
  A phantom (D:5)
  2 kobold brigands
  2 elf zombies (Ossuary)
  2 gnoll sergeants (D:5)
  13 bullfrogs
  4 necrophages
  3 scorpions
  3 wights (D:9)
  4 killer bees (D:9)
  3 howler monkeys
  3 electric eels
  5 centaur zombies (Ossuary)
  4 hounds
  5 human zombies (Ossuary)
  17 orc priests
  5 jellies
  3 gnoll boudas
  11 iguanas
  9 orc wizards
  3 mummies (Ossuary)
  18 gnolls
  6 adders
  A shadow imp (D:5)
  3 white imps
  An ufetubus (D:6)
  A worm zombie (D:7)
  2 worms
  6 dart slugs
  52 orcs
  A ball python (D:2)
  5 bats
  5 endoplasms
  5 giant cockroaches
  5 goblins
  9 hobgoblins
  3 jackals (D:5)
  10 kobolds
  3 quokkas
  3 frilled lizards
  A goblin zombie (D:7)
  A hobgoblin zombie (D:7)
  5 rats
426 creatures vanquished.

Vanquished Creatures (collateral kills)
  Nessos (Orc:2)
  An entropy weaver (Spider:1)
  3 hydras
  3 orc high priests (Orc:2)
  An orc knight (Orc:2)
  3 deep elf pyromancers (Orc:2)
  5 deep elf zephyrmancers (Orc:2)
  6 elephants (Lair:5)
  3 black mambas (Lair:4)
  A torpor snail (Spider:1)
  3 cane toads
  2 komodo dragons
  3 demonic crawlers (Spider:1)
  A rime drake (Lair:4)
  A troll (Orc:2)
  4 polar bears (Lair:3)
  2 tarantellas (Spider:1)
  5 dream sheep (Lair:3)
  2 blink frogs (Lair:1)
  2 culicivoras (Spider:1)
  A basilisk (Lair:3)
  8 yaks
  3 wargs (Orc:2)
  2 water moccasins
  An orc warrior (Orc:2)
  3 ogres
  2 wolves
  2 bullfrogs
  An electric eel (Lair:2)
  12 orc priests (Orc:2)
  11 orcs (Orc:2)
98 creatures vanquished.

Vanquished Creatures (others)
  3 gnolls (D:6)
  A bush (Lair:5)
  81 fulminant prisms
  32 fungi
  79 plants
  8 snaplasher vines
204 creatures vanquished.

Grand Total: 728 creatures vanquished

Notes
Turn   | Place    | Note
-------+----------+-------------------------------------------
     0 | D:1      | Vorhees the Djinni Conjurer began the quest for the Orb.
     0 | D:1      | Vorhees set off with the following spells memorised: Magic
                  | Dart, Searing Ray, Dazzling Flash, Fulminant Prism,
                  | Iskenderun's Mystic Blast.
     0 | D:1      | Reached XP level 1. HP: 15/15 MP: 0/0
   181 | D:1      | Reached XP level 2. HP: 19/21 MP: 0/0
   574 | D:1      | Found Mieh's Book Boutique.
   866 | D:1      | Reached XP level 3. HP: 21/26 MP: 0/0
   866 | D:1      | Learned a level 1 spell: Summon Small Mammal
  1513 | D:2      | Reached skill level 4 in Spellcasting
  1828 | D:2      | Reached XP level 4. HP: 23/31 MP: 0/0
  2605 | D:3      | Reached skill level 1 in Fighting
  2755 | D:3      | Found a hide-covered altar of Uskayaw.
  3211 | D:3      | Reached XP level 5. HP: 30/37 MP: 0/0
  3211 | D:3      | Learned a level 2 spell: Ensorcelled Hibernation
  3587 | D:3      | Found Tagoj Nib's Jewellery Boutique.
  3853 | D:4      | Reached skill level 5 in Spellcasting
  3902 | D:4      | Reached XP level 6. HP: 41/42 MP: 0/0
  4050 | D:4      | Identified the +2 leather armour "Fotud" {-Tele Will+++
                  | Str+5 Int-4}
  4200 | D:4      | Reached skill level 6 in Spellcasting
  4200 | D:4      | Reached XP level 7. HP: 30/49 MP: 0/0
  4200 | D:4      | Learned a level 3 spell: Swiftness
  4357 | D:5      | Entered Level 5 of the Dungeon
  4401 | D:5      | Reached XP level 8. HP: 25/55 MP: 0/0
  4402 | D:5      | Reached skill level 7 in Spellcasting
  4814 | D:5      | Found a glowing golden altar of the Shining One.
  4825 | D:5      | Reached skill level 8 in Spellcasting
  5153 | D:5      | Found Vuamoef's General Store.
  5240 | D:6      | Reached XP level 9. HP: 52/60 MP: 0/0
  5240 | D:6      | Learned a level 4 spell: Passage of Golubria
  5340 | D:6      | Found a staircase to the Ecumenical Temple.
  5348 | Temple   | Entered the Ecumenical Temple
  5355 | Temple   | Became a worshipper of Gozag Ym Sagoz the Greedy
  5502 | D:6      | Reached skill level 9 in Spellcasting
  6090 | D:7      | Identified the +1 short sword "Civicah" {vorpal, Str+4
                  | Dex-4}
  6161 | D:7      | Found a blossoming altar of Fedhas.
  6333 | D:7      | Found a sparkling altar of Nemelex Xobeh.
  6377 | D:7      | Found a sand-covered staircase.
  6386 | Ossuary  | Entered an ossuary
  6444 | Ossuary  | Reached skill level 10 in Spellcasting
  6446 | Ossuary  | Reached XP level 10. HP: 56/67 MP: 0/0
  7623 | D:8      | Found Uvir Any's Magic Scroll Shoppe.
  7754 | D:8      | Noticed a two-headed ogre
  7763 | D:8      | Killed a two-headed ogre
  7766 | D:8      | Reached skill level 11 in Spellcasting
  7818 | D:8      | Found Niokis's Assorted Antiques.
  7909 | D:8      | Found Capiraim's Weapon Boutique.
  8041 | D:8      | Found Ikempoto's Assorted Antiques.
  8101 | D:8      | Found Sepits's Magic Scroll Shop.
  8309 | D:8      | Bought a scroll of acquirement for 572 gold pieces
  8309 | D:8      | Acquired 582 gold pieces
  8355 | D:9      | Noticed nmsoi's ghost (novice GnWn)
  8355 | D:9      | Found a runed translucent door.
  8975 | D:9      | Found a broken altar of Ashenzari.
  8981 | D:9      | Reached XP level 11. HP: 58/74 MP: 0/0
  8981 | D:9      | Learned a level 4 spell: Leda's Liquefaction
  8982 | D:9      | Reached skill level 12 in Spellcasting
  9166 | D:10     | Entered Level 10 of the Dungeon
  9218 | D:10     | Reached skill level 5 in Fighting
  9226 | D:10     | Noticed a two-headed ogre
  9232 | D:10     | Killed a two-headed ogre
  9275 | D:10     | Noticed a two-headed ogre
  9286 | D:10     | Killed a two-headed ogre
  9310 | D:10     | Noticed a death yak
  9312 | D:10     | Noticed a death yak
  9323 | D:10     | Killed a death yak
  9390 | D:10     | Identified the amulet "Unus Xif" {RegenMP rElec}
  9430 | D:10     | Found a transporter.
  9480 | D:10     | Noticed heinrich's ghost (journeyman DrCA)
  9490 | D:10     | Found a transporter.
  9490 | D:10     | Noticed a moth of wrath
  9500 | D:10     | Noticed a fire dragon
  9549 | D:10     | Found a staircase to the Lair.
  9550 | D:10     | Noticed a death yak
  9559 | D:10     | Killed a death yak
  9560 | D:10     | Reached skill level 13 in Spellcasting
  9566 | D:10     | Killed a death yak
  9699 | D:10     | Noticed a manticore
  9703 | D:10     | Killed a manticore
  9989 | D:11     | Reached XP level 12. HP: 79/82 MP: 0/0
 10355 | D:11     | Found a staircase to the Orcish Mines.
 10580 | Lair:1   | Entered Level 1 of the Lair of Beasts
 10604 | Lair:1   | Noticed a boulder beetle
 10616 | Lair:1   | Reached skill level 1 in Shields
 10620 | Lair:1   | Noticed a five-headed hydra
 10628 | Lair:1   | Killed a five-headed hydra
 10636 | Lair:1   | Noticed a seven-headed hydra
 10639 | Lair:1   | Killed a boulder beetle
 10640 | Lair:1   | Reached skill level 14 in Spellcasting
 10642 | Lair:1   | HP: 2/82 [seven-headed hydra (10)]
 10649 | Lair:1   | Killed a seven-headed hydra
 11497 | Lair:2   | Noticed a seven-headed hydra
 11503 | Lair:2   | Killed a seven-headed hydra
 11562 | Lair:2   | Reached XP level 13. HP: 63/88 MP: 0/0
 11562 | Lair:2   | Learned a level 5 spell: Summon Forest
 11748 | Lair:2   | Reached skill level 15 in Spellcasting
 11773 | Lair:2   | Found a staircase to the Swamp.
 12466 | Lair:3   | You are sucked into a shaft and drop 2 floors!
 12466 | Lair:5   | Entered Level 5 of the Lair of Beasts
 12711 | Lair:5   | Found a runed translucent door.
 12713 | Lair:5   | Noticed a fire dragon
 12803 | Lair:5   | Reached skill level 16 in Spellcasting
 12860 | Lair:5   | Found a staircase to the Slime Pits.
 12864 | Lair:5   | Found a viscous altar of Jiyva.
 12955 | Lair:5   | Noticed a four-headed hydra
 12967 | Lair:5   | Killed a four-headed hydra
 13094 | Lair:5   | Reached skill level 5 in Dodging
 13094 | Lair:5   | Reached XP level 14. HP: 90/96 MP: 0/0
 13099 | Lair:5   | Found a runed translucent gate.
 13099 | Lair:5   | Found a runed translucent gate.
 13099 | Lair:5   | Found a runed translucent gate.
 13099 | Lair:5   | Noticed an azure jelly
 13099 | Lair:5   | Noticed an azure jelly
 13099 | Lair:5   | Noticed an azure jelly
 13099 | Lair:5   | Noticed a rockslime
 13099 | Lair:5   | Noticed jt's ghost (journeyman DjCK)
 13099 | Lair:5   | Noticed an acid blob
 13099 | Lair:5   | Noticed an acid blob
 13099 | Lair:5   | Noticed an acid blob
 13099 | Lair:5   | Noticed an acid blob
 13100 | Lair:5   | Noticed an acid blob
 13266 | Lair:5   | Found a snail-covered altar of Cheibriados.
 13881 | Lair:5   | Reached skill level 5 in Shields
 14117 | Lair:5   | Found a viscous altar of Jiyva.
 14386 | Lair:4   | Reached skill level 17 in Spellcasting
 15569 | Lair:3   | Found a hole to the Spider Nest.
 16196 | Orc:1    | Entered Level 1 of the Orcish Mines
 16456 | Orc:2    | Entered Level 2 of the Orcish Mines
 16493 | Orc:2    | Reached XP level 15. HP: 80/103 MP: 0/0
 16493 | Orc:2    | Learned a level 6 spell: Conjure Ball Lightning
 16936 | Orc:2    | Noticed Nessos
 16948 | Orc:2    | Killed Nessos
 17029 | Orc:2    | Reached skill level 18 in Spellcasting
 17208 | Orc:2    | Found a staircase to the Elven Halls.
 17290 | Orc:2    | Found Vunufuf's Jewellery Emporium.
 17290 | Orc:2    | Found Qeuxtugo's General Store.
 17357 | Orc:2    | Found Hemnoile's Assorted Antiques.
 17357 | Orc:2    | Found Cebrum's Distillery.
 17850 | Orc:2    | Bought an embroidered cloak for 240 gold pieces
 17850 | Orc:2    | Bought a distressingly furry robe for 182 gold pieces
 17850 | Orc:2    | Identified the +1 robe "Muteij" {Rampage rC++ Int-3} (You
                  | bought it in a shop on level 2 of the Orcish Mines)
 17873 | Orc:2    | Bought a crude robe for 228 gold pieces
 17873 | Orc:2    | Identified the +1 robe "Pexkool" {rCorr} (You bought it in
                  | a shop on level 2 of the Orcish Mines)
 17873 | Orc:2    | Bought a pair of glowing gloves for 300 gold pieces
 17903 | Orc:2    | Bought a brightly glowing helmet for 323 gold pieces
 17903 | Orc:2    | Identified the +1 helmet of the Six Interlopers {rPois rF+
                  | rC- Will+} (You bought it in a shop on level 2 of the
                  | Orcish Mines)
 17903 | Orc:2    | Bought a heavily jewelled robe for 193 gold pieces
 17903 | Orc:2    | Identified the +2 robe of the Midnight Sun {rPois rF+ Dex+4
                  | Slay-2} (You bought it in a shop on level 2 of the Orcish
                  | Mines)
 18040 | Spider:1 | Entered Level 1 of the Spider Nest
 18080 | Spider:1 | Reached skill level 1 in Armour
 18162 | Spider:1 | HP: 5/104 [burnt (1)]
 18162 | Spider:1 | Blown up by a sun moth

Illustrated notes

Levels and vault maps discovered:
D:1:      scummos_arrival_forest, layout_loops_ring, serial_shops, shop_statue
D:2:      layout_loops_corners, minmay_pentomino_x2
D:3:      layout_loops_corners, kiku_gazebo_garden_becter,
          mainiacjoe_overflow_24_doors, serial_shops,
          nicolae_shop_competitors_out_of_business
D:4:      layout_basic
D:5:      layout_basic, mainiacjoe_overflow_small_starburst, serial_shops,
          nicolae_take_the_stairs
D:6:      layout_gridville, minmay_temple_entry_ruins, lemuel_old_faithful
D:7:      layout_basic, mainiacjoe_overflow_concentric_impassable,
          nemelex_altar_shiori, enter_ossuary_3
D:8:      layout_loops_ring, serial_shops, shop, shop, kennysheep_mini_moat,
          nicolae_inconvenience_store, shop, minmay_misc_feat_cross
D:9:      layout_basic, vehumet_statue, cheibrodos_ashenzari_chains,
          hellmonk_ghost_happy_afterlife
D:10:     layout_roguey, dpeg_lair_monsters, gammafunk_ghost_berserking_beasts
D:11:     layout_loops_ring, hiddenorc1_lemuel
Temple:   hellmonk_temple_of_storms
Lair:1:   layout_gridlike, chequers_serial_rivers_large_b
Lair:2:   layout_gridlike, swamp_mist_pool, serial_bayou, serial_bayou_pond_d,
          serial_bayou_crossing, serial_bayou_lagoon_a, serial_bayou_pond_a,
          serial_bayou_ford_a, serial_bayou_shore_a, infiniplex_staircase_pool
Lair:3:   layout_regular_city, nicolae_spider_entry_tight_spaces, st_stairs_4,
          cheibrodos_lair_lostbears
Lair:4:   layout_hall_layers, basic_altar
Lair:5:   wormcave, layout_gridlike, guppyfry_lair_end_dragon,
          nicolae_slime_entry_slimehenge, gammafunk_ghost_ooze, minivault_26,
          kennysheep_snail_temple
Spider:1: layout_cave_pods, hangedman_spider_tarantella_strand, uniq_donald
Orc:1:    layout_caves, basic_altar
Orc:2:    st_orc_town, layout_caves, basic_altar, elves_outpost_lemuel,
          uniq_nessos

Skill      XL: |  1  2  3  4  5  6  7  8  9 10 11 12 13 14 15 |
---------------+----------------------------------------------+-----
Spellcasting   | 4 5 6 8 10 11 13 14 16 17 18 | 18.2
Fighting       | 1 2 3 4 5 6 7 8 |  8.6
Shields        | 2 4 5 6 |  6.1
Dodging        | 3 5 6 |  6.7
Armour         | 1 |  1.4
Stealth        | |  1.5

Action                   |  1- 3 |  4- 6 |  7- 9 | 10-12 | 13-15 || total
-------------------------+-------+-------+-------+-------+-------++-------
Melee: Short sword       |       |       |       |     1 |     9 ||    10
 Cast: Magic Dart        |    65 |   108 |   154 |   185 |   483 ||   995
       Fulminant Prism   |       |     3 |     5 |    53 |    20 ||    81
       Iskenderun's Myst |       |     3 |    40 |    75 |   159 ||   277
       Summon Forest     |       |       |       |       |    28 ||    28
       Summon Small Mamm |       |       |       |       |     2 ||     2
Invok: Call Merchant     |       |       |       |       |     3 ||     3
  Use: Scroll            |     2 |     9 |     7 |    20 |     3 ||    41
       Potion            |       |       |       |     2 |     2 ||     4
Armor: Robe              |     2 |     6 |     4 |    19 |    14 ||    45
       Leather armour    |       |       |       |       |     8 ||     8
Dodge: Dodged            |     4 |    11 |    17 |    33 |    54 ||   119
Block: Buckler           |       |       |       |     4 |    31 ||    35
       Kite shield       |       |       |       |       |    15 ||    15
